 Dungeon Crawl Stone Soup version 0.29.1-13-g9f3cf754e1 (webtiles) character file.

Game seed: 2288433498420415434

95 BeingJoeMalik the Grave Robber (level 4, -1/30 HPs)
             Began as a Demonspawn Necromancer on Jan 24, 2023.
             Constricted to death by Natasha (6 damage)
             ... on level 2 of the Dungeon.
             The game lasted 00:08:19 (1877 turns).

BeingJoeMalik the Grave Robber (DsNe)               Turns: 1877, Time: 00:08:20

Health: -1/30      AC:  4    Str:  9    XL:     4   Next: 40%
Magic:  4/7        EV:  9    Int: 18    God:
Gold:   142        SH:  0    Dex: 13    Spells: 2/7 levels left

rFire   . . .      SeeInvis .   (no weapon)
rCold   . . .      Faith    .   (no shield)
rNeg    . . .      Spirit   .   a - +0 robe
rPois   .          Reflect  .   (helmet restricted)
rElec   .          Harm     .   i - +0 cloak
rCorr   .          Rampage  .   (no gloves)
Will    .....                   h - +0 pair of boots
Stlth   ++........              g - amulet of the acrobat
HPRegen 0.10/turn               (no ring)
MPRegen 0.10/turn               (no ring)

@: grasped by roots, constricted
A: horns 1
a: no special abilities


You were on level 2 of the Dungeon.
You visited 1 branch of the dungeon, and saw 2 of its levels.

You collected 142 gold pieces.

Inventory:

Armour
 a - a +0 robe (worn)
 h - a +0 pair of boots (worn)
 i - a +0 cloak (worn)
Jewellery
 g - an amulet of the acrobat (around neck)
Scrolls
 j - 3 scrolls of identify {unknown}
 k - a scroll of acquirement {unknown}
 m - a scroll of blinking {unknown}
Potions
 c - 2 potions of attraction {unknown}
 d - 2 potions of invisibility {unknown}
 e - a potion of haste {unknown}
 f - a potion of heal wounds {unknown}
 l - a potion of degeneration {unknown}


   Skills:
 - Level 1.9 Dodging
 - Level 1.9 Stealth
 - Level 2.3 Spellcasting
 * Level 1.3 Summonings
 + Level 5.8 Necromancy


You had 2 spell levels left.
You knew the following spells:

 Your Spells              Type           Power      Damage    Failure   Level
a - Necrotise             Necr           92%        1d8       1%          1
b - Vampiric Draining     Necr           23%        2d7       4%          3
c - Summon Small Mammal   Summ           24%        N/A       10%         1

Your spell library contained the following spells:

 Spells                   Type           Power      Damage    Failure   Level
 Apportation              Tloc           4%         N/A       17%         1
 Slow                     Hex            8%         N/A       17%         1
 Animate Dead             Necr           23%        N/A       16%         4
 Agony                    Necr           23%        N/A       41%         5
 Confusing Touch          Hex            2%         N/A       45%         3


Dungeon Overview and Level Annotations

Branches:
Dungeon (2/15)

Altars:

Shops:
D:1 ::[

Annotations:
D:2 Natasha


Innate Abilities, Weirdness & Mutations

You have a pair of small horns on your head.


Message History

You kill the hobgoblin!
The dead are walking!
Natasha zaps a wand.
The roots erupt in riotous growth!
The grasping roots grab you! The grasping roots constrict you.
The roots grasp on you weakens, but your attempt to escape fails.
The grasping roots constrict you.
* * * LOW HITPOINT WARNING * * *
The grasping roots release their grip on you.
Unknown command.
Unknown command.
Casting: Necrotise (safe; 1% risk of failure)
Confirm with . or Enter, or press ? or * to list all spells.
Aiming: Necrotise (safe; 1% risk of failure)
Press: ? - help, Shift-Dir - straight line, f - Natasha
Aim: Natasha, carrying a wand of roots (5) (ally target, chance to affect: 81%) Natasha barely resists.
Natasha mumbles some strange words.
Natasha shimmers violently.
Natasha zaps a wand.
The roots erupt in riotous growth!
The grasping roots grab you!
Natasha is unaffected.
The grasping roots constrict you.
* * * LOW HITPOINT WARNING * * *
Unknown command.
Unknown command.
Casting: Necrotise (safe; 1% risk of failure)
Confirm with . or Enter, or press ? or * to list all spells.
You don't have enough magic to cast this spell.
Magic courses through your body.
Natasha extends her claws.
Natasha barely misses you. The grasping roots constrict you.
* * * LOW HITPOINT WARNING * * *
Your hobgoblin skeleton closely misses Natasha.
Casting: Necrotise (safe; 1% risk of failure)
Confirm with . or Enter, or press ? or * to list all spells.
Aiming: Vampiric Draining (dangerous; 4% risk of failure)
Press: ? - help, Shift-Dir - straight line, f/p - Natasha
Aim: Natasha, carrying a wand of roots (4) (ally target)
You draw life force from Natasha!
You feel life coursing into your body. Natasha barely misses you.
The grasping roots constrict you.
You die...

#....>..# ### #........
..# #.......# #.# #
$....!..# #.#
#.#.......# #.#
####.#.......####.####
#.....Z#######.......#
#.##.#h#........#.##.#
#.#@#........#.##.#
#.#.#........#..#.#
#.#.#........##.#.#
#.##.#.#..).....##.#.##
#......#...............
#####.##...........####
#.##.#####.###....#
#.##........##.##.#
#.##........#...#.#


You could see Natasha (ally target) and a friendly hobgoblin skeleton.

Vanquished Creatures
  Natasha (twice) (D:2)
  A dart slug (D:2)
  5 ball pythons
  3 bats
  An endoplasm (D:2)
  3 giant cockroaches (D:1)
  2 goblins (D:1)
  7 hobgoblins
  3 quokkas (D:1)
  3 frilled lizards
  5 kobolds
  4 rats (D:1)
39 creatures vanquished.

Vanquished Creatures (collateral kills)
  A hobgoblin (D:1)
  2 frilled lizards (D:1)
  A rat (D:1)
4 creatures vanquished.

Grand Total: 43 creatures vanquished

Notes
Turn   | Place    | Note
-------+----------+-------------------------------------------
     0 | D:1      | BeingJoeMalik the Demonspawn Necromancer began the quest
                  | for the Orb.
     0 | D:1      | Reached XP level 1. HP: 13/13 MP: 3/3
    84 | D:1      | Found Noguma's Book Shoppe.
   166 | D:1      | Found Nepleg's Armour Boutique.
   238 | D:1      | Gained mutation: You have a pair of small horns on your
                  | head. [demonic ancestry]
   238 | D:1      | Reached XP level 2. HP: 19/19 MP: 1/5
   422 | D:1      | Reached skill level 5 in Necromancy
   464 | D:1      | Found Meelic's Book Shop.
   649 | D:1      | Found a faded altar of an unknown god.
   770 | D:1      | Reached XP level 3. HP: 16/24 MP: 0/6
   959 | D:2      | Learned a level 3 spell: Vampiric Draining
   961 | D:2      | Learned a level 1 spell: Summon Small Mammal
  1461 | D:2      | Noticed Natasha
  1477 | D:2      | Killed Natasha
  1478 | D:2      | Reached skill level 1 in Summonings
  1556 | D:2      | Noticed Natasha
  1706 | D:2      | Killed Natasha
  1707 | D:2      | Reached XP level 4. HP: 23/30 MP: 3/7
  1865 | D:2      | Noticed Natasha
  1876 | D:2      | HP: 1/30 [constriction (4)]
  1877 | D:2      | Constricted to death by Natasha

Illustrated notes

Levels and vault maps discovered:
D:1:      saegor_arrival_simple_e, layout_rooms,
          shapermc_ecumenical_altar_mp_highgroup, serial_shops,
          nicolae_shop_advertising_works [nicolae_subvault_shop_adworks],
          nicolae_shop_hallway_stairs, shop, minmay_misc_feat_rows,
          grunt_decor_fettered
D:2:      layout_loops_cross, minmay_surrounded, uniq_natasha

Skill      XL: |  1  2  3 |
---------------+----------+-----
Necromancy     | 5 |  5.8
Summonings     | 1 |  1.3
Dodging        | |  1.9
Stealth        | |  1.9
Spellcasting   | |  2.3

Action                   |  1- 3 |  4- 6 || total
-------------------------+-------+-------++-------
Melee: Unarmed           |    22 |       ||    22
       Headbutt          |     5 |       ||     5
 Cast: Necrotise         |    60 |     9 ||    69
       Vampiric Draining |       |     1 ||     1
  Use: Potion            |       |     1 ||     1
Armor: Robe              |     6 |     2 ||     8
Dodge: Dodged            |    37 |     7 ||    44
